 Dungeon Crawl Stone Soup version 0.14.2 (webtiles) character file.

172 Amnesiac the Charlatan (level 4, 0/22 HPs)
             Began as a Spriggan Artificer on Feb 10, 2018.
             Killed by nerve-wracking pain
             ... invoked by Grinder
              (3 damage)
             ... on Level 4 of the Dungeon.
             The game lasted 00:05:29 (2017 turns).

Amnesiac the Charlatan (Spriggan Artificer)         Turns: 2017, Time: 00:05:29

HP   0/22        AC  2     Str  7 (8)  XL: 4   Next: 35%
MP  11/11        EV 20     Int 13      God:
Gold 80          SH  0     Dex 16      Spells:  0 memorised,  3 levels left

rFire  . . .     SeeInvis +     g - +0 spear
rCold  . . .     Clarity  .     e - +0 robe
rNeg   . . .     Conserve .     (shield restricted)
rPois  .         rCorr    .     (helmet restricted)
rElec  .         rRot     .     (no cloak)
SustAb . .       Spirit   .     (gloves unavailable)
rMut   .         Warding  .     (boots unavailable)
Saprov . . .     Stasis   .     n - amulet of faith {unknown}
MR     .....                    (no ring)
                                (no ring)

@: lethally poisoned, very quick, not resistant to hostile enchantments, fairly
stealthy
A: unfitting armour, see invisible, herbivore 3, speed 3, slow metabolism 2
a: no special abilities


You were on level 4 of the Dungeon.
You were not hungry.

You visited 1 branch of the dungeon, and saw 5 of its levels.

You collected 80 gold pieces.

Inventory:

Hand weapons
 g - a +0,+0 spear (weapon)
Missiles
 o - 7 poisoned needles
Armour
 e - a +0 robe (worn)
Magical devices
 b - a wand of flame (13)
 c - a wand of enslavement (13)
 d - a wand of random effects (11)
 h - a wand of magic darts (6)
 i - a wand of magic darts (4)
Scrolls
 a - a scroll of identify {!r, unknown}
 j - a scroll of teleportation {!r, unknown}
 k - a scroll of recharging {!r, unknown}
 m - a scroll of remove curse {!r, unknown}
Jewellery
 n - an amulet of faith (around neck) {unknown}
Potions
 f - a potion of porridge {!q}
Magical staves
 p - an uncursed staff of wizardry


   Skills:
 + Level 1.5 Fighting
   Level 1.1 Short Blades
 + Level 4.6 Dodging
 - Level 1.5 Stealth
 * Level 5.8 Evocations


You had 3 spell levels left.
You didn't know any spells.

Dungeon Overview and Level Annotations

Branches:
Dungeon (5/15)
 Temple: D:4-7

Altars:
Vehumet

Annotations:
D:4 Grinder


Innate Abilities, Weirdness & Mutations

You are tiny and cannot use many weapons and most armour.
You have supernaturally acute eyesight.
You are a herbivore.
You cover ground extremely quickly.
You need consume almost no food.


Message History

Grinder gestures.
Grinder blinks!
The worker ant misses you.
You hit the worker ant but do no damage.
The worker ant is lightly wounded.
The worker ant closely misses you. The worker ant completely misses you.
You barely miss the worker ant.
The worker ant is lightly wounded.
The worker ant completely misses you.
You hit the worker ant but do no damage.
The worker ant is lightly wounded.
The worker ant bites you.
You are poisoned.
The worker ant poisons you!
You hit the worker ant.
The worker ant is moderately wounded.
You feel sick. The worker ant misses you. The worker ant bites you.
* * * LOW HITPOINT WARNING * * *
You are lethally poisoned!
The worker ant poisons you!
You closely miss the worker ant.
The worker ant is moderately wounded.
* * * LOW HITPOINT WARNING * * *
You feel sick. The worker ant barely misses you.
* * * LOW HITPOINT WARNING * * *
You feel sick.
* * * LOW HITPOINT WARNING * * *
You feel sick.
* * * LOW HITPOINT WARNING * * *
You feel sick.
Drink which item? (? for menu, Esc to quit)
Okay, then.
Evoke which item? (* to show all) (? for menu, Esc to quit)
Zapping:
c - a wand of enslavement (15)
Press: ? - help, Shift-Dir - straight line, f/p - worker ant
Aim: a worker ant (moderately wounded)
The worker ant struggles to resist.
This wand has 14 charges left.
* * * LOW HITPOINT WARNING * * *
You feel sick.
Evoke which item? (* to show all) (? for menu, Esc to quit)
Zapping:
c - a wand of enslavement (14)
Press: ? - help, Shift-Dir - straight line, f/p - worker ant
Aim: a worker ant (moderately wounded)
The worker ant is charmed.
This wand has 13 charges left.
* * * LOW HITPOINT WARNING * * *
You feel sick. What do you say? t - Shout!
Orders for allies: a - Attack new target. p - Attack previous target. r - Retreat! s - Stop attacking. w - Wait here. f - Follow me.
Anything else - Stay silent.
Gang up on whom?
Press: ? - help, Dir - move target cursor, f - ogre, p - worker ant
Aim: an ogre, wielding a giant club Attack!
* * * LOW HITPOINT WARNING * * *
You feel sick. The ogre barely misses your worker ant.
* * * LOW HITPOINT WARNING * * *
You feel sick.
The ogre hits your worker ant with a giant club!
Your worker ant is killed!
Grinder gestures at you. Pain shoots through your body!
You die...

#[#.###.......#
###.#.###..#.##.#
#............##.#
#.....###....##.#
#.#.#.# #.......#
#.#.#.# #.......#
#.#.#.# #.......#
###.#.#.# #.......#
#.....[@# #.......#
#.##....# #.......#
#.#.....###.......#
#......%.##########
#.#...5O##
#.##....#########
#.........O5.....
####.###%########
#. ..#


You could see Grinder and an ogre.

Vanquished Creatures
  The ghost of Amnesiac the Charlatan, a weakling SpAr (D:3)
  A worker ant (D:4)
  2 adders (D:4)
  2 giant eyeballs (D:4)
  A giant cockroach (D:3)
  3 hobgoblins
  2 jackals (D:3)
  3 quokkas (D:4)
  2 bats
  A giant newt skeleton (D:4)
  2 goblins
  A hobgoblin skeleton (D:4)
  3 kobolds (D:4)
  2 rats
26 creatures vanquished.

Notes
Turn   | Place    | Note
--------------------------------------------------------------
     0 | D:1      | Amnesiac, the Spriggan Artificer, began the quest for the Orb.
     0 | D:1      | Reached XP level 1. HP: 9/9 MP: 2/2
   262 | D:3      | Noticed Amnesiac's ghost (weakling SpAr)
   266 | D:3      | Killed Amnesiac's ghost
   266 | D:3      | Reached skill level 1 in Fighting
   266 | D:3      | Reached skill level 5 in Evocations
   266 | D:3      | Reached XP level 2. HP: 11/14 MP: 5/5
   266 | D:3      | Reached XP level 3. HP: 14/18 MP: 8/8
   313 | D:3      | Found a radiant altar of Vehumet.
   593 | D:4      | Paralysed by a giant eyeball for 3 turns
  1068 | D:5      | Entered Level 5 of the Dungeon
  1306 | D:4      | Paralysed by a giant eyeball for 3 turns
  1316 | D:4      | Paralysed by a giant eyeball for 2 turns
  1323 | D:4      | Reached XP level 4. HP: 22/22 MP: 11/11
  1999 | D:4      | Noticed Grinder
  1999 | D:4      | Noticed an ogre
  2017 | D:4      | Killed from afar by Grinder

Action                   |  1- 3 |  4- 6 || total
-------------------------+-------+-------++-------
Melee: Spear             |   113 |    43 ||   156
Evoke: Wand              |     3 |     7 ||    10
  Use: Potion            |     2 |       ||     2
 Stab: Sleeping          |     3 |       ||     3
